Map: Hard Lead LE

Players

SubN - Winner!

  • Race: Zerg Zerg
  • League: Diamond
  • Spawn Location: 5:00

Tinnzork

  • Race: Zerg Zerg
  • League: Diamond
  • Spawn Location: 11:00

VOD

Have the link to the VOD?

Description

Time

  • Played on: Dec. 22, 2023, 9:42 p.m.
  • Length: 10:07
Show
View Real Time Build Order
Export as new Build Order

SubN Zerg - Winner!

Build Orders: Hatch First 

Get SALT Encoding   

  12  0:00  Drone  
  13  0:12  Overlord  
  13  0:17  Drone  
  14  0:30  Drone x2  
  16  0:48  Hatchery  
  15  0:51  Drone  
  15  0:55  Drone  
  17  0:58  Drone  
  18  1:05  Extractor  
  17  1:14  Spawning Pool  
  17  1:17  Drone  
  17  1:20  Drone  
  18  1:27  Drone  
  19  1:38  Drone  
  20  1:52  Overlord  
  20  2:00  Queen x2  
  24  2:08  Metabolic Boost  
  24  2:18  Drone x4  
  28  2:23  Drone x2  
  30  2:32  Drone x2  
  32  2:40  Queen  
  32  2:44  Overlord  
  34  2:47  Overlord  
  34  2:53  Drone  
  35  2:59  Drone  
  35  3:04  Drone  
  37  3:06  Drone  
  38  3:18  Drone x3  
  41  3:21  Drone  
  42  3:29  Hatchery  
  42  3:32  Overlord  
  41  3:34  Overlord  
  41  3:35  Roach Warren  
  40  3:41  Extractor  
  40  3:42  Drone x2  
  41  3:49  Drone x2  
  41  3:50  Drone  
  41  3:53  Drone x3  
  47  4:04  Drone  
  47  4:05  Drone x2  
  47  4:09  Drone  
  51  4:11  Extractor  
  51  4:13  Overlord  
  50  4:27  Drone x3  
  50  4:28  Drone  
  54  4:33  Drone x2, Extractor  
  54  4:35  Evolution Chamber  
  54  4:36  Evolution Chamber  
  53  4:41  Drone x4  
  53  4:45  Lair  
  57  4:47  Overlord  
  57  4:56  Drone x2  
  59  5:00  Overlord  
  59  5:01  Overlord  
  59  5:03  Zerg Missile Weapons Level 1  
  59  5:06  Zerg Ground Armor Level 1  
  59  5:15  Queen  
  59  5:16  Roach  
  59  5:17  Roach x3  
  59  5:21  Zergling x2  
  70  5:23  Drone x4  
  70  5:28  Overlord, Extractor x2  
  73  5:29  Overlord  
  73  5:32  Roach  
  73  5:34  Drone x2  
  73  5:35  Drone  
  77  5:39  Roach  
  79  5:48  Roach x2  
  83  5:50  Overlord  
  83  5:56  Drone x2  
  85  6:01  Glial Reconstitution  
  85  6:04  Drone x4  
  85  6:05  Drone x2  
  91  6:16  Roach x3  
  97  6:21  Drone  
  98  6:26  Roach x4  
  98  6:30  Roach  
  98  6:31  Hatchery  
  107  6:36  Ravager x2  
  107  6:37  Ravager x5  
  114  6:40  Overlord x6  
  114  6:41  Overlord  
  114  6:44  Overseer  
  114  6:58  Roach  
  114  6:59  Roach x7  
  130  7:02  Zerg Missile Weapons Level 2  
  130  7:03  Zerg Ground Armor Level 2  
  130  7:07  Roach x2  
  134  7:14  Roach x2  
  134  7:15  Roach  
  140  7:26  Roach x3  
  146  7:32  Drone x4  
  146  7:33  Drone x2  
  152  7:40  Overlord  
  152  7:43  Overlord  
  152  7:51  Pneumatized Carapace  
  152  7:59  Overseer  
  152  8:00  Overseer  
  152  8:01  Overseer  
  152  8:02  Overseer x2  
  152  8:06  Zergling x2  
  152  8:07  Zergling x32  
  169  8:13  Roach x2  
  169  8:15  Ravager x3  
  169  8:16  Ravager x4  
  176  8:36  Queen  
  143  9:07  Roach x7  
  143  9:08  Roach x10  
  172  9:23  Overlord x5  
  172  9:24  Overlord  
  168  9:40  Extractor  
  168  9:42  Extractor  
Show
View Real Time Build Order
Export as new Build Order

Tinnzork Zerg 

Build Orders: Hatch First, Lurkers 

Get SALT Encoding   

  12  0:01  Drone  
  13  0:17  Overlord  
  13  0:19  Drone  
  14  0:35  Drone x2  
  16  0:39  Drone  
  17  0:55  Hatchery  
  16  0:58  Drone  
  17  1:14  Drone x2  
  19  1:21  Spawning Pool  
  18  1:25  Drone, Extractor  
  18  1:37  Drone  
  19  1:51  Drone  
  20  2:03  Drone  
  21  2:09  Queen x2  
  21  2:12  Drone x2  
  27  2:19  Overlord  
  27  2:22  Drone  
  28  2:38  Drone x3  
  28  2:41  Overlord  
  31  2:49  Drone  
  32  2:56  Queen x2  
  36  3:04  Drone x2  
  36  3:05  Drone  
  39  3:13  Roach Warren  
  39  3:17  Drone  
  39  3:18  Drone  
  40  3:25  Overlord  
  40  3:26  Drone  
  41  3:41  Drone x2  
  41  3:42  Drone  
  41  3:48  Hatchery  
  43  3:50  Evolution Chamber  
  43  3:51  Evolution Chamber  
  41  3:56  Drone x5  
  41  3:58  Lair, Extractor  
  45  4:04  Overlord  
  45  4:18  Extractor  
  45  4:19  Extractor  
  45  4:20  Drone  
  45  4:21  Drone x5  
  48  4:37  Zerg Ground Armor Level 1, Zerg Missile Weapons Level 1  
  48  4:41  Overlord x2  
  48  4:53  Overlord x2  
  48  4:55  Drone x6  
  54  5:09  Drone  
  54  5:10  Drone x2  
  57  5:19  Drone x3  
  60  5:23  Glial Reconstitution  
  60  5:29  Pneumatized Carapace  
  60  5:30  Hydralisk Den  
  60  5:31  Drone x2  
  60  5:33  Drone x2  
  63  5:46  Extractor  
  63  5:47  Extractor  
  63  5:48  Hatchery  
  63  5:49  Overlord x2  
  60  5:52  Roach x5  
  60  5:53  Roach  
  60  5:56  Drone x2  
  75  5:57  Drone, Extractor  
  75  6:02  Muscular Augments  
  74  6:05  Hydralisk  
  74  6:06  Hydralisk  
  74  6:10  Lurker Den  
  77  6:18  Hydralisk  
  77  6:19  Hydralisk x3  
  85  6:27  Drone x6  
  91  6:45  Zergling x2  
  91  6:47  Zergling x2  
  93  6:54  Drone x9  
  94  6:55  Drone x7  
  94  7:01  Overlord  
  109  7:06  Zerg Missile Weapons Level 2  
  109  7:07  Zerg Ground Armor Level 2  
  109  7:12  Hydralisk x4  
  109  7:15  Lurker x2  
  119  7:16  Lurker  
  119  7:19  Extractor  
  119  7:29  Hydralisk x4  
  121  7:31  Overlord x2  
  127  7:39  Grooved Spines  
  127  7:42  Overseer, Infestation Pit  
  122  8:05  Hydralisk  
  122  8:06  Hydralisk x8  
  122  8:09  Overlord x2  
  122  8:10  Overlord x2  
  140  8:23  Zergling x6  
  140  8:24  Zergling x12  
  144  8:43  Hydralisk x6  
  106  9:06  Hydralisk  
  106  9:07  Hydralisk x11  
  105  9:24  Zergling x4  
  105  9:25  Zergling x2  
  104  9:36  Zergling x6  
  104  9:37  Overseer, Hatchery  
  100  9:41  Hydralisk x2  
  88  9:55  Lurker x2  
Tags
 
Composition
Lurkers
Matchup
ZvZ
Race
Zerg
Replay Pack
2025 replay dump
Spawn Locations
Cross Positions
Add a new tag
Caveats
  • Supply blocks, unpowered buildings, or Contaminate may cause inaccurate times.
  • Supply counts are checked every 10 seconds.